 Dungeon Crawl Stone Soup version 0.30.1-4-g462c640d31 (webtiles) character file.

Game seed: 2443435640407520003

241 Janerl the Slasher (level 5, -7/48 HPs)
             Began as an Armataur Berserker on Aug 26, 2023.
             Was a Priest of Trog.
             Mangled by a scorpion (8 damage)
             ... on level 4 of the Dungeon.
             The game lasted 00:12:16 (2283 turns).

Janerl the Slasher (Armataur Berserker)             Turns: 2283, Time: 00:12:21

Health: -7/48      AC: -1    Str: 23    XL:     5   Next: 80%
Magic:  0/5        EV: 10    Int:  7    God:    Trog [***...]
Gold:   215        SH:  0    Dex: 11    Spells: 4/4 levels left

rFire   . . .        n - +0 dagger (venom)
rCold   . . .        (no shield)
rNeg    . . .        b - +0 animal skin
rPois   .            k - +0 helmet
rElec   .            j - +0 cloak
rCorr   .            (no gloves)
SInv    .            (no barding)
Will    .....        p - amulet of guardian spirit
Stlth   ++           (no ring)
HPRegen 0.28/turn    (no ring)
MPRegen 0.09/turn

%: guardian spirit, roll
@: mighty, lethally poisoned (-7 -> -12), corroded, on berserk cooldown, slowed,
very slow
A: large, rugged brown scales 3, deformed body, armoured tail, roll, long
tongue, awkward tongue
a: Renounce Religion, Berserk, Trog's Hand


You were on level 4 of the Dungeon.
You worshipped Trog.
Trog was most pleased with you.
You visited 1 branch of the dungeon, and saw 4 of its levels.

You collected 215 gold pieces.

Inventory:

Hand Weapons
 a - a +0 falchion
 n - a +0 dagger of venom (weapon)
Missiles
 r - 6 poisoned darts (quivered)
Armour
 b - a +0 animal skin (worn)
 j - a +0 cloak (worn)
 k - a +0 helmet (worn)
Jewellery
 o - a ring of flight
 p - an amulet of guardian spirit (around neck)
 u - an amulet of the acrobat
Wands
 s - a wand of iceblast (12)
Scrolls
 c - 2 scrolls of enchant weapon {unknown}
 d - 4 scrolls of identify {unknown}
 e - 4 scrolls of amnesia {unknown}
 f - a scroll of torment {unknown}
 i - a scroll of immolation {unknown}
 m - a scroll of enchant armour {unknown}
 q - a scroll of vulnerability {unknown}
 v - a scroll of noise {unknown}
Potions
 g - a potion of heal wounds {unknown}
 h - 2 potions of might
 l - a potion of curing {unknown}
 t - a potion of flight {unknown}


   Skills:
 + Level 3.6 Fighting
 + Level 1.4(3.0) Short Blades
 + Level 4.2(4.3) Long Blades
 + Level 2.5 Armour
 + Level 2.2 Dodging
 + Level 2.1 Stealth


You had 4 spell levels left.
You didn't know any spells.
Your spell library was empty.

Dungeon Overview and Level Annotations

Branches:
Dungeon (4/15)
 Temple: D:4-7

Altars:


Innate Abilities, Weirdness & Mutations

You are completely covered in rugged brown scales. (AC +3, +7% HP)
Armour fits poorly on your strangely shaped body.
You have a long armoured tail.
You roll when moving toward enemies. (Rampage)
Your long tongue fully drains potion bottles. (2x potion effects)
Your tongue gives you trouble enunciating. (1.5x scroll delay)


Message History

The jelly is almost dead.
The jelly barely misses you.
You hit the jelly but do no damage. The acid corrodes you!
Your hands burn!
The jelly is almost dead.
You hit the jelly but do no damage.
The jelly is poisoned.
Your hands burn!
The jelly is almost dead.
The jelly closely misses you.
You hit the jelly but do no damage.
The jelly looks as sick as possible!
Your hands burn!
The jelly is almost dead.
You kill the jelly!
Trog accepts your kill.
You feel a strong urge to attack something.
A scorpion comes into view.
Found a war axe.
You feel your anger nearly subside.
You start resting.
You are no longer berserk.
You are exhausted.
You feel yourself slow down.
You start resting.
A scorpion is nearby!
You barely miss the scorpion. The scorpion stings you.
* * * LOW HITPOINT WARNING * * *
You hit the scorpion but do no damage. The scorpion barely misses you.
The scorpion stings you.
You are poisoned.
The scorpion poisons you!
You barely miss the scorpion.
* * * LOW HITPOINT WARNING * * *
You feel very sick. The scorpion stings you!
* * * LOW HITPOINT WARNING * * *
It was a potion of might.
You feel very mighty all of a sudden.
You slurp down every last drop of the potion of might!
* * * LOW HITPOINT WARNING * * *
You feel very sick. The scorpion stings you!
You die...

. ..# ##. ..# ###.. ###
##..#### ...#..$..$
..... # #...#.#. ..>.
#.##..... ..#
#.#.#...#.####..#
#.#...#..)).@s..#
.......#.####?.#
###..#.##.### ..#
......#.....##..#
#.#.#.........$. ##
#.#.#†##.#.###.s#
<#####.#...##..... .).
..##.......###..###..#.
...#.###...# ..#


You could see a scorpion.

Vanquished Creatures
  A gnoll bouda (D:4)
  A jelly (D:4)
  Jessica (D:3)
  3 gnolls (D:4)
  6 adders
  A dart slug (D:1)
  2 worms
  3 endoplasms
  A giant cockroach (D:2)
  2 goblins (D:1)
  10 hobgoblins
  9 jackals (D:2)
  6 kobolds
  4 quokkas
  6 ball pythons
  4 bats
  4 frilled lizards
  5 rats
69 creatures vanquished.

Notes
Turn   | Place    | Note
-------+----------+-------------------------------------------
     0 | D:1      | Janerl the Armataur Berserker began the quest for the Orb.
     0 | D:1      | Reached XP level 1. HP: 19/19 MP: 1/1
   129 | D:1      | Reached XP level 2. HP: 23/26 MP: 2/2
   171 | D:1      | Reached skill level 3 in Long Blades
   592 | D:1      | Found a faded altar of an unknown god.
   663 | D:2      | Reached XP level 3. HP: 33/33 MP: 3/3
   869 | D:2      | Reached ** piety under Trog
  1008 | D:2      | Reached XP level 4. HP: 29/40 MP: 4/4
  1072 | D:2      | Reached skill level 1 in Stealth
  1204 | D:2      | Identified the +2 ring mail "Mip Ipoany" {rPois rC+ Str+2
                  | Stlth+}
  1517 | D:3      | Noticed Jessica
  1722 | D:3      | Killed Jessica
  1723 | D:3      | Reached skill level 4 in Long Blades
  1858 | D:3      | Reached XP level 5. HP: 48/48 MP: 5/5
  2262 | D:4      | Reached skill level 1 in Short Blades
  2263 | D:4      | Reached *** piety under Trog
  2283 | D:4      | HP: 1/48 [poisoned by a scorpion]
  2283 | D:4      | Mangled by a scorpion

Illustrated notes

Levels and vault maps discovered:
D:1:      dpeg_arrival_simpleton_a, layout_rooms,
          shapermc_ecumenical_altar_acropolis, serial_glass, glass_columns_a,
          glass_columns_c, glass_columns_a, glass_columns_a, glass_columns_c,
          glass_columns_a, st_stairs_8, minivault_26, dreamdust_wishing_well,
          chequers_mini_garden
D:2:      layout_loops_ring
D:3:      layout_loops_cross, grunt_decor_cap, uniq_jessica
D:4:      minmay_bubble_buster, layout_loops_ring, ebering_ghost_disaster_area,
          serial_shops, kennysheep_little_box, minmay_goblin_outpost

Skill      XL: |  1  2  3  4  5 |
---------------+----------------+-----
Fighting       | 3 |  3.6
Long Blades    | 3 4 |  4.2
Stealth        | 1 2 |  2.1
Dodging        | 2 |  2.2
Short Blades   | 1 |  1.4
Armour         | |  2.5

Action                     |  1- 3 |  4- 6 || total
---------------------------+-------+-------++-------
  Melee: Falchion          |   120 |       ||   120
         Tailslap          |    10 |    15 ||    25
         Punch             |     2 |       ||     2
         Dagger            |    11 |   124 ||   135
 Invoke: Berserk           |       |     1 ||     1
    Use: Potion            |       |     1 ||     1
   Stab: Sleeping          |     1 |     3 ||     4
 Armour: Animal skin       |    74 |    49 ||   123
  Dodge: Dodged            |    54 |    51 ||   105
